 Dungeon Crawl Stone Soup version 0.18-a0-1789-gbeff17f (webtiles) character file.

32 macross the Skirmisher (level 3, -5/29 HPs)
             Began as a Demonspawn Chaos Knight on Apr 21, 2016.
             Slain by a hornet (13 damage)
             ... while paralysed by a hornet
             ... on level 1 of the Dungeon.
             The game lasted 00:04:53 (4791 turns).

macross the Skirmisher (Demonspawn Chaos Knight)    Turns: 4791, Time: 00:10:02

Health: -5/29      AC:  5    Str: 13    XL:     3   Next: 8%
Magic:  0/3        EV:  2    Int: 13    God:    Xom [...*..]
Gold:   71         SH:  0    Dex: 12    Spells: 0 memorised, 2 levels left

rFire  . . .     SeeInvis .     a - +0 mace (chaos)
rCold  . . .     Gourm    .     b - +2 leather armour
rNeg   . . .     Faith    .     (no shield)
rPois  .         Spirit   +     (no helmet)
rElec  .         Dismiss  .     (no cloak)
rCorr  .         Reflect  .     (no gloves)
SustAt .         Harm     .     (no boots)
MR     .....                    (no amulet)
Stlth  +.........               (no ring)
                                (no ring)

@: paralysed, lethally poisoned (-5 -> -31), slowed, drained, not resistant to
hostile enchantments, very unstealthy
A: blurry vision 1, magic shield
a: Renounce Religion


You were on level 1 of the Dungeon.
You worshipped Xom.
You were a favourite toy of Xom.
You were very full.

You visited 1 branch of the dungeon, and saw 1 of its levels.

You collected 71 gold pieces.

Inventory:

Hand Weapons
 a - a +0 mace of chaos (weapon)
Armour
 b - a +2 leather armour (worn)
Jewellery
 d - an uncursed ring of ice {unknown}
Scrolls
 g - a scroll of amnesia {unknown}
Potions
 e - a potion of haste {unknown}
 f - a potion of berserk rage {unknown}
Comestibles
 c - 4 meat rations


   Skills:
 + Level 3.3(2.2) Fighting
 + Level 3.0(1.9) Maces & Flails
 + Level 2.1(1.1) Armour
 + Level 1.6(0.5) Dodging


You had 2 spell levels left.
You didn't know any spells.

Dungeon Overview and Level Annotations

Branches:
Dungeon (1/15)

Altars:
Xom


Innate Abilities, Weirdness & Mutations

When hurt, damage is shared between your health and your magic reserves.
Scrolls take you a little longer to read.


Message History

Xom grants you insight.
You feel aware of your surroundings.
You start waiting.
A hornet comes into view.
A hornet is nearby!
The hornet closely misses you.
You hit the hornet. You freeze the hornet.
The hornet is lightly wounded.
The hornet stings you!
You are poisoned.
You feel yourself slow down. The hornet misses you.
You barely miss the hornet.
The hornet is lightly wounded.
You feel sick. The hornet stings you!
* * * LOW HITPOINT WARNING * * *
A shower of butterflies erupts from you!
You are more poisoned.
You suddenly lose the ability to move!
The hornet stings you!
You die...
Xom howls with laughter!

'......# #..##
##.<##....# #......#
##.)# *..#####.#
.###...# #..## ##..# #.#
.# #...# #..##
###..######.##### .#
#...#
##...###....######_#####
####...#
#..........#######_#####
.[..#'##
#.........########_#####
###.#.#
#.....b...####....._####
......#
#...#by@..(.##.....)####
###.###
##....##.b#_))....#.####
#.#
###.####...##.#..#.####
#.# ##.#
######.#..#.#### ###.#
#.)# #####.#..#_####
.##.# #)##
#####.#..#_#### ....#
###.####### #.#..#.####
..#'######.........#
#.#..#.####
............######.#
#.####.#


You could see a hornet.

Vanquished Creatures
  An adder (D:1)
  A dart slug (D:1)
  A giant gecko (D:1)
  A ball python (D:1)
  A giant cockroach (D:1)
  6 goblins (D:1)
  A hobgoblin (D:1)
  3 bats (D:1)
  2 kobolds (D:1)
  2 rats (D:1)
19 creatures vanquished.

Notes
Turn   | Place    | Note
--------------------------------------------------------------
     0 | D:1      | macross the Demonspawn Chaos Knight began the quest for the Orb.
     0 | D:1      | Reached XP level 1. HP: 18/18 MP: 1/1
    40 | D:1      | Reached skill level 1 in Dodging
   120 | D:1      | Gained mutation: When hurt, damage is shared between your health and your magic reserves. [demonic ancestry]
   120 | D:1      | Reached XP level 2. HP: 24/24 MP: 2/2
   142 | D:1      | XOM: harmless Necr miscast
   173 | D:1      | XOM: mild Ice miscast
   402 | D:1      | XOM: colour smoke trail
   542 | D:1      | XOM: scenery: create altars
   990 | D:1      | XOM: colour smoke trail
  1395 | D:1      | XOM: colour smoke trail
  1460 | D:1      | XOM: harmless Fire miscast
  1625 | D:1      | XOM: mild Pois miscast
  2265 | D:1      | XOM is BORED!
  2265 | D:1      | XOM: mild Necr miscast
  2595 | D:1      | XOM: harmless Tloc miscast
  2689 | D:1      | XOM: scenery: create altars
  3057 | D:1      | XOM: god gift: 7 meat rations
  3075 | D:1      | XOM: medium Necr miscast
  3197 | D:1      | XOM: give mutation
  3197 | D:1      | Gained mutation: Scrolls take you a little longer to read. [Xom's mischief]
  3571 | D:1      | Reached XP level 3. HP: 28/29 MP: 1/3
  3589 | D:1      | XOM: vitrification
  3844 | D:1      | XOM is BORED!
  3844 | D:1      | XOM: mild Pois miscast
  3967 | D:1      | XOM: scenery: create altars
  4138 | D:1      | XOM: vitrification
  4566 | D:1      | XOM: god gift: 12 sling bullets
  4762 | D:1      | XOM: divination: magic mapping
  4788 | D:1      | Noticed a hornet
  4791 | D:1      | XOM: butterfly on damage
  4791 | D:1      | Paralysed by a hornet for 2 turns
  4791 | D:1      | Slain by a hornet

Vault maps used:
D:1:      dpeg_arrival_round_b, grunt_decor_arrowhead

Skill      XL: |  1  2 |
---------------+-------+-----
Dodging        | 1 |  1.6
Armour         | 2 |  2.1
Maces & Flails | 3 |  3.0
Fighting       | |  3.3

Action                   || total
-------------------------++-------
Melee: Mace              ||    55
  Eat: Meat ration       ||     3
       Bread ration      ||     1
Armor: Leather armour    ||    42
Dodge: Dodged            ||    64
